 Dungeon Crawl Stone Soup version 0.28-a0-1435-g82390b3a13 (webtiles) character file.

Game seed: 12556236524629942126

5895 Hasart the Spear-Bearer (level 10, -1/69 HPs)
             Began as an Octopode Fighter on Jan 9, 2022.
             Was an Initiate of Gozag.
             Killed from afar by Psyche (2 damage)
             ... with a chain of chaos
             ... while paralysed by a centaur
             ... on level 8 of the Dungeon on Jan 10, 2022.
             The game lasted 00:20:57 (10455 turns).

Hasart the Spear-Bearer (Octopode Fighter)         Turns: 10455, Time: 00:20:57

Health: -1/69      AC:  1    Str: 17    XL:     10   Next: 82%
Magic:  10/10      EV:  2    Int: 10    God:    Gozag
Gold:   718        SH:  0    Dex: 15    Spells: 9/9 levels left

rFire   + . .      SeeInvis .   C - +3 trident (vorpal)
rCold   + . .      Faith    .   b - +0 buckler
rNeg    + . .      Spirit   .   (helmet restricted)
rPois   .          Reflect  .   (no amulet)
rElec   .          Harm     .   t - ring of protection from fire
rCorr   +          Rampage  .   d - ring of ice
Will    .....                   w - ring of Howkoa {rF+ rCorr Slay+2}
Stlth   ++........              B - ring of positive energy
HPRegen 0.21/turn               D - +4 ring of evasion
MPRegen 0.12/turn               (no ring)
                                (no ring)
                                (no ring)

@: paralysed, brilliant, lethally poisoned (-1 -> -2)
A: almost no armour, amphibious, 8 rings, camouflage 1, gelatinous body 1,
(nimble swimmer 1), tentacles
a: Renounce Religion, Potion Petition, Call Merchant, Bribe Branch


You were on level 8 of the Dungeon.
You worshipped Gozag.
Gozag was pleased with you.
You visited 2 branches of the dungeon, and saw 9 of its levels.
You also visited: Bailey.

You collected 1219 gold pieces.
You spent 449 gold pieces at shops.
You paid 52 gold pieces to Gozag.

Inventory:

Hand Weapons
 e - a +4 halberd of freezing
 x - the +9 war axe of Kindness {distort, Dex+3}
   (You bought it in a shop on level 4 of the Dungeon)

   It warps and distorts space around it, and may blink, banish, or inflict
   extra damage upon those it strikes.
   Unwielding it can cause banishment or high damage.
   Dex:       It affects your dexterity (+3).
 C - a +3 vorpal trident (weapon)
Missiles
 s - 2 boomerangs (quivered)
 F - a throwing net
Armour
 b - a +0 buckler (worn)
Magical Staves
 E - a staff of air
Jewellery
 d - a ring of ice (right tentacle)
 n - a ring of fire
 t - a ring of protection from fire (left tentacle)
 v - a ring of magical power
 w - the ring of Howkoa (on tentacle) {rF+ rCorr Slay+2}
   (You found it on level 6 of the Dungeon)

   [ring of resist corrosion]

   Slay:      It affects your accuracy & damage with ranged weapons and melee
   (+2).
   rF:        It protects you from fire.
   rCorr:     It protects you from acid and corrosion.
 B - a ring of positive energy (on tentacle)
 D - a +4 ring of evasion (on tentacle)
Wands
 a - a wand of mindburst (20)
 m - a wand of flame (39)
 q - a wand of iceblast (6)
 A - a wand of charming (18)
Scrolls
 i - 6 scrolls of teleportation
 l - a scroll of enchant weapon
 y - 2 scrolls of vulnerability
Potions
 c - a potion of might
 f - a potion of heal wounds {unknown}
 g - 2 potions of attraction
 h - a potion of curing {unknown}
 j - a potion of ambrosia {unknown}
 k - a potion of haste {unknown}
 o - a potion of invisibility {unknown}
 p - 2 potions of resistance
 r - 2 potions of mutation
 u - 2 potions of cancellation


   Skills:
 + Level 6.9 Fighting
 * Level 9.1 Polearms
 - Level 5.0 Throwing
 + Level 7.0 Dodging
 + Level 6.9 Shields
 + Level 5.8 Evocations


You had 9 spell levels left.
You didn't know any spells.
Your spell library contained the following spells:

 Spells                   Type           Power      Damage    Failure   Level
 Sting                    Tmut/Pois      0%         1d3       43%         1
 Blink                    Tloc           0%         N/A       58%         2
 Passwall                 Tmut/Erth      0%         N/A       58%         2
 Poisonous Vapours        Pois/Air       0%         N/A       58%         2
 Sublimation of Blood     Necr           0%         N/A       58%         2
 Wereblood                Tmut           0%         N/A       58%         2
 Call Canine Familiar     Summ           0%         N/A       82%         3
 Dazzling Flash           Conj/Hex       0%         N/A       82%         3
 Portal Projectile        Hex/Tloc       0%         N/A       82%         3
 Swiftness                Air            0%         N/A       82%         3
 Iskenderun's Mystic Bla  Conj/Tloc      0%         2d3       99%         4
 Leda's Liquefaction      Hex/Erth       0%         N/A       99%         4
 Olgreb's Toxic Radiance  Pois           0%         N/A       99%         4
 Manifold Assault         Tloc           0%         N/A       100%        5
 Starburst                Conj/Fire      0%         6d3       100%        6
 Storm Form               Tmut/Air       0%         N/A       100%        7
 Summon Hydra             Summ           0%         N/A       100%        7


Dungeon Overview and Level Annotations

Branches:
Dungeon (8/15)             Temple (1/1) D:5            Lair (0/6) D:8
 Bailey (visited)

Altars:
Ashenzari
Cheibriados
Dithmenos
Elyvilon
Fedhas
Gozag
Hepliaklqana
Kikubaaqudgha
Makhleb
Nemelex Xobeh
Ru
Trog
Yredelemnul
The Shining One

Shops:
D:2 (   D:4 (

Annotations:
D:8 Psyche


Innate Abilities, Weirdness & Mutations

You cannot wear most types of armour.
You are amphibious.
You can wear up to eight rings at the same time.
Your skin changes colour to match your surroundings (Stealth+).
Your rubbery body absorbs attacks. (AC +1, EV +1)
((You are camouflaged when in or above water. (Stealth+)))
You have tentacles for arms and can constrict up to eight enemies at once.


Message History

The arc of chaos hits you!
The arc of chaos hits the centaur.
The centaur's mind is blasted.
The arc of chaos hits you. You block the centaur's attack.
The centaur closely misses you.
You barely miss the centaur. Your squeeze misses the centaur.
The centaur is moderately wounded.
The centaur hits you. You block the centaur's attack. Something hits you.
Something burns you. The centaur hits you. The centaur completely misses you.
You hear some strange, mumbled words.
A swirling arc of seething chaos appears!
An arc of chaos appears from out of thin air!
The arc of chaos hits you.
You are poisoned.
The arc of chaos hits the centaur.
You closely miss the centaur.
The centaur is moderately wounded.
You feel sick. The centaur hits you. The centaur barely misses you.
Something hits you.
* * * LOW HITPOINT WARNING * * *
Unknown command.
It was a potion of brilliance.
You feel clever all of a sudden.
You feel sick.
The centaur zaps a wand.
You suddenly lose the ability to move!
Something hits you.
* * * LOW HITPOINT WARNING * * *
The centaur zaps a wand.
You easily resist.
You feel sick. Something hits you!
* * * LOW HITPOINT WARNING * * *
The centaur zaps a wand.
You easily resist.
You feel sick.
You hear some strange, mumbled words.
The centaur hits you.
* * * LOW HITPOINT WARNING * * *
The centaur kicks you.
* * * LOW HITPOINT WARNING * * *
You hear some strange, mumbled words.
A swirling arc of seething chaos appears!
An arc of chaos appears from out of thin air!
The arc of chaos hits you. You resist.
You die...
Your body crumbles into a pile of gold.

#####..........#.##.#
.............#.#.##.#
.................#
####.........#.###
........#.......#
#..#
#.......#.###...#
.... ......#.### ..#
#..#
#######.#####...#.#
....
...........@{......
..#.
#####.......c......
..# #......#####.#.
..# #......# ###
#......# # ......###
.......# .......#


You could see a centaur.

Vanquished Creatures
  An orc knight (Bailey)
  A deep elf zephyrmancer (Bailey)
  Maurice (D:8)
  2 trolls (D:7)
  A wyvern (D:7)
  Eustachio (D:6)
  Menkaure (D:4)
  4 vampire mosquitoes (D:8)
  9 orc warriors
  3 ice beasts
  4 sky beasts
  A black bear (D:4)
  A necrophage (D:5)
  2 centaurs
  An ogre (D:4)
  2 phantoms (D:6)
  A kobold brigand (D:6)
  5 scorpions
  A bullfrog (D:8)
  3 wights (D:8)
  A bullfrog zombie (D:6)
  A centaur zombie (D:5)
  2 hounds
  An orc priest (D:7)
  A gnoll shaman (D:4)
  A jelly (D:5)
  A bullfrog skeleton (D:5)
  3 iguanas
  Ijyb (D:3)
  Terence (D:2)
  2 orc wizards
  A scorpion zombie (D:5)
  Natasha (thrice) (D:4)
  A killer bee zombie (D:7)
  2 hound skeletons (D:4)
  A howler monkey zombie (D:8)
  Robin (D:2)
  3 gnolls (D:4)
  A howler monkey skeleton (D:7)
  4 adders
  2 white imps
  An ufetubus (D:5)
  2 worms
  A dart slug (D:1)
  22 orcs
  7 ball pythons
  4 endoplasms
  3 giant cockroaches
  11 goblins
  14 hobgoblins
  4 jackals (D:2)
  4 quokkas
  A bat (D:1)
  A frilled lizard (D:3)
  A goblin zombie (D:6)
  4 kobolds
  5 rats
  A rat zombie (D:6)
165 creatures vanquished.

Notes
Turn   | Place    | Note
-------+----------+-------------------------------------------
     0 | D:1      | Hasart the Octopode Fighter began the quest for the Orb.
     0 | D:1      | Reached XP level 1. HP: 16/16 MP: 1/1
   152 | D:1      | Reached XP level 2. HP: 21/21 MP: 2/2
   308 | D:1      | Found a faded altar of an unknown god.
   775 | D:2      | Reached XP level 3. HP: 24/26 MP: 3/3
   797 | D:2      | Noticed Robin
   824 | D:2      | Killed Robin
  1151 | D:2      | Noticed Terence
  1168 | D:2      | Killed Terence
  1169 | D:2      | Reached skill level 3 in Polearms
  1169 | D:2      | Reached XP level 4. HP: 24/31 MP: 4/4
  1332 | D:2      | Found Lahis's Antique Weapon Shoppe.
  1894 | D:3      | Noticed Ijyb
  1899 | D:3      | Killed Ijyb
  1900 | D:3      | Reached XP level 5. HP: 30/36 MP: 5/5
  2040 | D:3      | Found a burning altar of Makhleb.
  2552 | D:4      | Noticed Natasha
  2559 | D:4      | Killed Natasha
  2560 | D:4      | Reached skill level 4 in Polearms
  2560 | D:4      | Reached XP level 6. HP: 31/43 MP: 6/6
  2654 | D:4      | Noticed a black bear
  2662 | D:4      | Killed a black bear
  2689 | D:4      | Noticed Natasha
  2853 | D:4      | Killed Natasha
  2975 | D:4      | Noticed Natasha
  2983 | D:4      | Killed Natasha
  3025 | D:4      | Found Cafe Xoi's Antique Weapon Boutique.
  3130 | D:4      | Noticed Menkaure
  3143 | D:5      | Entered Level 5 of the Dungeon
  3179 | D:5      | Found a staircase to the Ecumenical Temple.
  3189 | Temple   | Entered the Ecumenical Temple
  3397 | Temple   | Became a worshipper of Gozag Ym Sagoz the Greedy
  3439 | D:5      | Noticed a necrophage
  3443 | D:5      | Reached XP level 7. HP: 20/48 MP: 7/7
  3453 | D:5      | Reached skill level 1 in Evocations
  3690 | D:5      | Reached skill level 5 in Polearms
  3904 | D:5      | Found a basalt altar of Yredelemnul.
  3918 | D:5      | Found a bloodstained altar of Trog.
  4175 | D:5      | Reached skill level 1 in Throwing
  4600 | D:5      | Reached XP level 8. HP: 25/54 MP: 8/8
  5375 | D:5      | Reached skill level 5 in Dodging
  5375 | D:5      | Reached skill level 5 in Shields
  5548 | D:6      | Reached skill level 5 in Fighting
  5548 | D:6      | Reached skill level 6 in Polearms
  5748 | D:6      | Noticed Eustachio
  5755 | D:6      | Identified the ring of Howkoa {rF+ rCorr Slay+2}
  5863 | D:4      | Bought a shimmering war axe for 280 gold pieces
  5863 | D:4      | Identified the +9 war axe of Kindness {distort, Dex+3} (You
                  | bought it in a shop on level 4 of the Dungeon)
  6238 | D:4      | Found a white marble altar of Elyvilon.
  6247 | D:4      | Found a shadowy altar of Dithmenos.
  6356 | D:4      | Killed Menkaure
  6923 | D:6      | Reached XP level 9. HP: 45/61 MP: 9/9
  7398 | D:2      | Bought a glowing trident for 169 gold pieces
  7490 | D:6      | Killed Eustachio
  7491 | D:6      | Reached skill level 7 in Polearms
  8701 | D:7      | Noticed a troll
  8714 | D:7      | Killed a troll
  9000 | D:7      | Found a hazy altar of Hepliaklqana.
  9135 | D:7      | Noticed a troll
  9145 | D:7      | Killed a troll
  9215 | D:8      | Reached skill level 8 in Polearms
  9215 | D:8      | Reached XP level 10. HP: 68/68 MP: 10/10
  9246 | D:8      | Found a flagged portal.
  9301 | Bailey   | Entered a bailey
  9332 | Bailey   | Reached skill level 5 in Evocations
  9467 | Bailey   | Noticed an orc knight
  9520 | Bailey   | Killed an orc knight
  9582 | Bailey   | Found a large runed translucent door.
  9582 | Bailey   | Found a large runed translucent door.
  9583 | Bailey   | Noticed a deep elf zephyrmancer
  9667 | Bailey   | Killed a deep elf zephyrmancer
  9803 | D:8      | Noticed Maurice
  9831 | D:8      | Killed Maurice
  9951 | D:8      | Found a staircase to the Lair.
 10191 | D:8      | Noticed a two-headed ogre
 10269 | D:8      | Reached skill level 9 in Polearms
 10269 | D:8      | Reached skill level 5 in Throwing
 10441 | D:8      | Noticed Psyche
 10453 | D:8      | Paralysed by a centaur for 5 turns
 10455 | D:8      | HP: 3/69 [centaur (4)]
 10455 | D:8      | HP: 1/69 [centaur (2)]
 10455 | D:8      | Killed from afar by Psyche

Illustrated notes

Levels and vault maps discovered:
D:1:      dpeg_arrival_tiny_i, layout_loops_ring,
          shapermc_ecumenical_altar_ellora, minmay_misc_feat_chi
D:2:      layout_basic, serial_shops, shop_fountains, uniq_terence, uniq_robin
D:3:      layout_loops_cross, lightli_temple_of_fire, uniq_ijyb
D:4:      layout_loops_corners, mainiacjoe_overflow_swirl, serial_shops,
          nicolae_shop_window_shopping, uniq_menkaure, uniq_natasha
D:5:      layout_basic, mainiacjoe_overflow_catwalk_spiral,
          minmay_temple_entry_statues_fountains, kennysheep_generic_room_4
D:6:      layout_cave_pools, enter_ossuary_4, uniq_eustachio
D:7:      layout_loops_ring, mainiacjoe_overflow_chevrons, minmay_misc_feat_x
D:8:      layout_basic, nicolae_overflow_crystal_walls, xom_teletrap_fun,
          lair_entry_dummy, enter_bailey_2, uniq_harold, uniq_psyche,
          uniq_maurice
Temple:   nicolae_temple_figure_eight

Skill      XL: |  1  2  3  4  5  6  7  8  9 10 |
---------------+-------------------------------+-----
Polearms       | 3 4 5 6 8 9 |  9.1
Fighting       | 4 5 6 |  6.9
Dodging        | 4 5 6 7 |  7.0
Shields        | 4 5 6 |  6.9
Evocations     | 2 3 4 5 |  5.8
Throwing       | 1 2 4 5 |  5.0

Action                   |  1- 3 |  4- 6 |  7- 9 | 10-12 || total
-------------------------+-------+-------+-------+-------++-------
Melee: Trident           |    70 |    81 |   217 |   100 ||   468
       Constrict         |    18 |    15 |    30 |    14 ||    77
       Tentacles         |    10 |    18 |    42 |    15 ||    85
       Punch             |     1 |     1 |     4 |       ||     6
Throw: Boomerang         |       |     3 |    15 |    48 ||    66
Evoke: Wand              |       |       |     4 |     2 ||     6
  Use: Scroll            |     5 |       |       |     7 ||    12
       Potion            |       |       |       |     1 ||     1
 Stab: Sleeping          |     7 |    10 |     7 |       ||    24
       Distracted        |       |       |     1 |     1 ||     2
Armor: Skin              |     1 |     2 |     9 |     1 ||    13
Dodge: Dodged            |    33 |    33 |   126 |    52 ||   244
Block: Buckler           |     8 |     8 |    40 |    34 ||    90

Table legend: (Time is in decaauts)
 A = Elapsed time spent in this place.
 B = Non-inter-level travel time spent in this place.
 C = Inter-level travel time spent in this place.
 D = Time resting spent in this place.
 E = Time spent auto-exploring this place.
 F = Levels seen in this place.
 G = Mean time per level.
                   A        B        C        D        E       F      G
               +--------+--------+--------+--------+--------+-----+--------+
         Total |  10496 |  10076 |    420 |   1649 |   6818 |  10 | 1049.6 |
       Dungeon |   9776 |   9377 |    399 |   1588 |   6413 |   8 | 1222.0 |
        Temple |    229 |    208 |     21 |      0 |    204 |   1 |  229.0 |
        Bailey |    490 |    490 |      0 |     61 |    201 |   1 |  490.0 |
               +--------+--------+--------+--------+--------+-----+--------+

Top non-repeatable levels by time:
     D:5: 2427 daAuts
     D:4: 1618 daAuts
     D:7: 1586 daAuts
     D:6: 1045 daAuts
     D:2: 999 daAuts
     D:3: 762 daAuts
     D:1: 739 daAuts
     D:8: 597 daAuts
  Bailey: 490 daAuts
  Temple: 229 daAuts
